 Dungeon Crawl Stone Soup version 0.29.1-15-g9cfb28693d (webtiles) character file.

Game seed: 9456928829586901501

2219 asdfasdf the Cleaver (level 9, -4/75 (79) HPs)
             Began as a Hill Orc Fighter on Apr 29, 2023.
             Was a Believer of Makhleb.
             Slain by an orc warrior
             ... wielding a +1 battleaxe of venom
              (7 damage)
             ... on level 7 of the Dungeon.
             The game lasted 00:15:40 (7873 turns).

asdfasdf the Cleaver (Hill Orc Fighter)             Turns: 7873, Time: 00:15:42

HP:   -4/75 (79)    AC: 24    Str: 23    XL:     9   Next: 35%
MP:   9/9           EV:  6    Int:  8    God:    Makhleb [**....]
Gold: 378           SH:  5    Dex: 10    Spells: 8/8 levels left

rFire   . . .      SeeInvis .   E - +2 flail (protect)
rCold   . . .      Faith    .   c - +0 buckler
rNeg    . . .      Spirit   .   h - +0 plate armour
rPois   .          Reflect  .   (no helmet)
rElec   .          Harm     .   F - +0 cloak
rCorr   .          Rampage  .   f - +0 pair of gloves
Will    .....                   D - +0 pair of boots
Stlth   ..........              v - amulet of the acrobat
HPRegen 0.22/turn               m - +4 ring of slaying
MPRegen 0.11/turn               (no ring)

@: lethally poisoned (-4 -> -18), under a protective aura, drained
A: no striking features
a: Renounce Religion, Minor Destruction


You were on level 7 of the Dungeon.
You worshipped Makhleb.
Makhleb was pleased with you.
You visited 1 branch of the dungeon, and saw 7 of its levels.

You collected 378 gold pieces.

Inventory:

Hand Weapons
 a - a +0 war axe
 E - a +2 flail of protection (weapon)
Armour
 c - a +0 buckler (worn)
 f - a +0 pair of gloves (worn)
 h - a +0 plate armour (worn)
 D - a +0 pair of boots (worn)
 F - a +0 cloak (worn)
Jewellery
 b - a ring of protection from cold
 m - a +4 ring of slaying (left hand)
 v - an amulet of the acrobat (around neck)
Wands
 s - a wand of flame (35)
Scrolls
 e - 3 scrolls of teleportation {unknown}
 g - 6 scrolls of identify {unknown}
 l - a scroll of enchant weapon {unknown}
 n - a scroll of brand weapon {unknown}
 r - 2 scrolls of noise {unknown}
 t - 3 scrolls of vulnerability {unknown}
 u - a scroll of immolation {unknown}
 w - a scroll of summoning {unknown}
 x - a scroll of magic mapping {unknown}
 y - a scroll of blinking {unknown}
 B - a scroll of poison {unknown}
 C - a scroll of fear {unknown}
Potions
 d - 3 potions of might
 i - 5 potions of curing {unknown}
 j - a potion of attraction {unknown}
 k - 2 potions of lignification {unknown}
 o - a potion of degeneration {unknown}
 p - 2 potions of flight {unknown}
 q - 3 potions of heal wounds {unknown}
 z - 2 potions of haste {unknown}
 A - a potion of berserk rage {unknown}


   Skills:
 + Level 7.0 Fighting
 + Level 10.2(10.4) Axes
 + Level 1.9(5.7) Maces & Flails
 + Level 7.2 Armour
 + Level 0.6 Dodging
 + Level 6.3 Shields


You had 8 spell levels left.
You didn't know any spells.
Your spell library contained the following spells:

 Spells                   Type           Power      Damage    Failure   Level
 Blink                    Tloc           0%         N/A       100%        2
 Conjure Flame            Conj/Fire      0%         6-21      100%        3
 Ignite Poison            Fire/Tmut/Pois 0%         N/A       100%        3
 Ozocubu's Armour         Ice            0%         N/A       100%        3
 Sticky Flame             Conj/Fire      0%         2d3       100%        4
 Manifold Assault         Tloc           0%         N/A       100%        5
 Ozocubu's Refrigeration  Ice            0%         4d7       100%        7
 Storm Form               Tmut/Air       0%         N/A       100%        7


Dungeon Overview and Level Annotations

Branches:
Dungeon (7/15)             Temple (0/1) D:5

Altars:
Ashenzari
Makhleb
Okawaru
Zin

Shops:
D:3 *   D:4 :


Message History

Your weapon exudes an aura of protection.
The orc warrior is lightly wounded.
You feel very sick.
The orc warrior hits you with a +1 battleaxe of venom.
You hit the orc warrior but do no damage.
The orc warrior is lightly wounded.
You feel very sick.
The orc warrior hits you but does no damage.
You are more poisoned.
You block the orc warrior's attack.
You closely miss the orc warrior.
The orc warrior is lightly wounded.
You feel very sick.
The orc warrior hits you with a +1 battleaxe of venom!
You are more poisoned.
You barely miss the orc warrior.
The orc warrior is lightly wounded.
You feel extremely sick. The orc warrior barely misses you.
You block the orc's attack.
You barely miss the orc warrior.
The orc warrior is lightly wounded.
You feel very sick.
The orc warrior hits you with a +1 battleaxe of venom!
* * * LOW HITPOINT WARNING * * *
You are more poisoned.
You block the orc's attack.
An orc comes into view. It is wielding a +0 flail.
You closely miss the orc warrior.
The orc warrior is lightly wounded.
* * * LOW HITPOINT WARNING * * *
You feel very sick. The orc hits you but does no damage.
The orc warrior completely misses you.
You thump the orc warrior!
Your weapon exudes an aura of protection.
The orc warrior is heavily wounded.
* * * LOW HITPOINT WARNING * * *
You feel very sick. The orc hits you but does no damage.
The orc warrior hits you with a +1 battleaxe of venom!
You die...

....####.......## ##...
................##
#.?.#
.........#.......##...#
.......#####.........#
.......# ##.).....##
.###...# ###÷o..## ##
##..# ##...## #...
#oo..### ##..#
##@<..>.###
#..)......###.
#))...........
##.)...........
#...#####.....# #...#
##...# #...## ...
#....# .. ......# .


You could see an orc warrior and 2 orcs.

Vanquished Creatures
  A water moccasin (D:5)
  2 black bears
  An ice beast (D:6)
  A phantom (D:4)
  3 ogres
  2 centaurs (D:6)
  A kobold brigand (D:6)
  A bullfrog (D:7)
  2 scorpions
  A necrophage (D:7)
  5 wights (D:7)
  2 howler monkeys
  6 hounds
  An orc priest (D:6)
  Crazy Yiuf (D:6)
  Ijyb (D:3)
  2 iguanas
  4 orc wizards (D:6)
  8 gnolls
  7 adders
  A river rat (D:6)
  A white imp (D:7)
  3 ufetubi
  5 dart slugs
  14 orcs
  11 ball pythons
  9 endoplasms
  4 giant cockroaches
  9 goblins
  7 hobgoblins
  6 jackals
  16 kobolds
  3 quokkas
  6 bats
  2 frilled lizards (D:1)
  8 rats
157 creatures vanquished.

Notes
Turn   | Place    | Note
-------+----------+-------------------------------------------
     0 | D:1      | asdfasdf the Hill Orc Fighter began the quest for the Orb.
     0 | D:1      | Reached XP level 1. HP: 19/19 MP: 1/1
   308 | D:1      | Reached XP level 2. HP: 20/27 MP: 2/2
   549 | D:1      | Reached skill level 3 in Axes
  1496 | D:1      | Reached XP level 3. HP: 33/33 MP: 3/3
  2104 | D:2      | You fall into a shaft and drop 2 floors!
  2104 | D:4      | Found a glowing silver altar of Zin.
  2118 | D:4      | Reached skill level 4 in Axes
  2125 | D:3      | Reached XP level 4. HP: 27/40 MP: 4/4
  2607 | D:2      | Found a faded altar of an unknown god.
  2672 | D:2      | Reached XP level 5. HP: 43/47 MP: 5/5
  2953 | D:3      | Noticed Ijyb
  2969 | D:3      | Killed Ijyb
  3149 | D:3      | Found Asikihon's General Store.
  3179 | D:3      | Found a broken altar of Ashenzari.
  3744 | D:4      | Reached skill level 5 in Axes
  3807 | D:4      | Reached skill level 5 in Fighting
  3807 | D:4      | Reached XP level 6. HP: 46/56 MP: 6/6
  3905 | D:4      | Found Jeimam's Book Boutique.
  4016 | D:4      | Reached skill level 6 in Axes
  4189 | D:4      | Found a burning altar of Makhleb.
  4202 | D:4      | Became a worshipper of Makhleb the Destroyer
  4590 | D:5      | Entered Level 5 of the Dungeon
  4648 | D:5      | Noticed a black bear
  4650 | D:5      | Reached XP level 7. HP: 29/61 MP: 7/7
  4656 | D:5      | Reached skill level 5 in Armour
  4898 | D:5      | Reached skill level 7 in Axes
  4905 | D:5      | Reached * piety under Makhleb
  5335 | D:5      | Found an iron altar of Okawaru.
  5376 | D:5      | Found a staircase to the Ecumenical Temple.
  5392 | D:5      | Reached skill level 8 in Axes
  5392 | D:5      | Reached XP level 8. HP: 53/70 MP: 8/8
  5579 | D:5      | Reached skill level 5 in Shields
  6356 | D:6      | Reached skill level 9 in Axes
  6962 | D:6      | Reached XP level 9. HP: 66/78 MP: 9/9
  7147 | D:6      | Found a runed translucent door.
  7148 | D:6      | Noticed Crazy Yiuf
  7334 | D:6      | Killed Crazy Yiuf
  7518 | D:7      | Reached skill level 10 in Axes
  7532 | D:7      | Reached ** piety under Makhleb
  7641 | D:7      | Reached skill level 1 in Maces & Flails
  7873 | D:7      | HP: 3/75 [poisoned by an orc warrior]
  7873 | D:7      | Slain by an orc warrior

Illustrated notes

Levels and vault maps discovered:
D:1:      elethiomel_arrival_maze, layout_basic, grunt_decor_resistance,
          serial_bayou_ford_a, kennysheep_flooded_box, minmay_tromino_v4_b
D:2:      layout_rooms, shapermc_ecumenical_altar_totnotflames, serial_curves,
          eino_curves_04, eino_curves_04
D:3:      layout_rooms, mainiacjoe_overflow_24_doors, serial_shops,
          nicolae_shop_behind_doors, uniq_ijyb
D:4:      layout_loops_ring, mainiacjoe_overflow_alcove_1, zin_academy,
          serial_shops, nicolae_shop_waterfront
D:5:      minmay_general_purpose_star, layout_loops_ring, lemuel_doored_altar,
          temple_doors_e
D:6:      layout_loops_ring, portal_sewer_entry_b, uniq_crazy_yiuf_cottage
D:7:      layout_layer_cave

Skill      XL: |  1  2  3  4  5  6  7  8  9 |
---------------+----------------------------+-----
Axes           | 3 4 5 6 8 9 10 | 10.2
Fighting       | 4 5 6 7 |  7.0
Armour         | 4 5 6 7 |  7.2
Shields        | 4 5 6 |  6.3
Maces & Flails | 1 |  1.9
Dodging        | |  0.6

Action                   |  1- 3 |  4- 6 |  7- 9 || total
-------------------------+-------+-------+-------++-------
Melee: War axe           |    94 |   145 |   150 ||   389
       Flail             |       |       |    75 ||    75
Armor: Scale mail        |    26 |       |       ||    26
       Plate armour      |    49 |   102 |   175 ||   326
Dodge: Dodged            |    53 |    53 |   111 ||   217
Block: Buckler           |    16 |    29 |    63 ||   108
